 Dungeon Crawl Stone Soup version 0.26-a0-1205-g4083c211ab (webtiles) character file.

Game seed: 998431690810797470

415 CurlyBrace the Sneak (level 6, -2/24 (30) HPs)
             Began as a Felid Delver on Dec 29, 2020.
             Was a Priest of Cheibriados.
             Slain by a wight
             ... wielding a +2 dagger
              (9 damage)
             ... on level 8 of the Dungeon.
             The game lasted 00:26:53 (2415 turns).

CurlyBrace the Sneak (Felid Delver)                 Turns: 2415, Time: 00:26:54

HP:   -2/24 (30)    AC:  2    Str: 16    XL:     6   Next: 60%
MP:   13/13         EV: 23    Int: 21    God:    Cheibriados [***...]
Gold: 223           SH:  0    Dex: 26    Spells: 7/13 levels left
                                        Lives: 0   Deaths: 2

rFire    . . .     SeeInvis +     - Unarmed
rCold    . . .     Faith    .   (shield unavailable)
rNeg     . . .     Spirit   .   (armour unavailable)
rPois    .         Reflect  .   (helmet unavailable)
rElec    .         Harm     .   (cloak unavailable)
rCorr    .         Rampage  .   (gloves unavailable)
Will     .....                  (boots unavailable)
Stlth    +++++.....             (no amulet)
HPRegen  0.08/turn              (no ring)
MPRegen  0.13/turn              (no ring)

@: lethally poisoned (-2 -> -5), heavily drained, very slow
A: very small, no armour, no weapons or thrown items, stealth, claws 1, fangs 3,
see invisible, speed 1, mutation resistance 1, shaggy fur 2, sharp paws
a: Renounce Religion, Bend Time, Temporal Distortion


You were on level 8 of the Dungeon.
You worshipped Cheibriados.
Cheibriados was most pleased with you.
You visited 1 branch of the dungeon, and saw 8 of its levels.

You collected 223 gold pieces.

Inventory:

Wands
 f - a wand of random effects (11)
   (You took it off Ijyb on level 3 of the Dungeon)
Scrolls
 a - 2 scrolls of fog
 b - 3 scrolls of magic mapping
 c - 3 scrolls of amnesia
 z - 2 scrolls of blinking
Potions
 d - 2 potions of attraction
 e - a potion of flight
 g - a potion of brilliance


   Skills:
 * Level 5.5 Fighting
 + Level 5.3 Dodging
 - Level 7.0 Stealth
 * Level 5.4 Unarmed Combat
 - Level 4.0 Spellcasting
 + Level 1.5 Ice Magic
 - Level 1.0 Invocations
 - Level 1.0 Evocations


You had 7 spell levels left.
You knew the following spells:

 Your Spells              Type           Power        Failure   Level
a - Frozen Ramparts       Ice            20%          19%         3
b - Ozocubu's Armour      Ice            10%          19%         3

Your spell library contained the following spells:

 Spells                   Type           Power        Failure   Level
 Freeze                   Ice            40%          6%          1
 Hailstorm                Conj/Ice       7%           65%         4
 Summon Ice Beast         Ice/Summ       7%           65%         4


Dungeon Overview and Level Annotations

Branches:
Dungeon (8/15)             Temple (0/1) D:4
   Lair: D:8-11

Altars:
Cheibriados
Fedhas
Okawaru

Annotations:
D:4 Edmund
D:6 exclusion: oklob plant


Innate Abilities, Weirdness & Mutations

You cannot wear armour.
You are incapable of wielding weapons or throwing items.
Your paws allow you to move quietly. (Stealth)
You have sharp claws.
You have razor-sharp teeth.
You have supernaturally acute eyesight. (SInv)
You cover ground quickly.
You are covered in thick fur. (AC +2)
Your sharp claws are effective at attacking unaware monsters.
You are somewhat resistant to further mutation.


Message History

You closely miss the wight. You bite the wight, but do no damage.
You scratch the wight. You bite the wight.
The wight is heavily damaged.
The wight hits you with a +2 dagger.
You feel drained.
You barely miss the wight.
The wight is heavily damaged.
You feel sick. The wight hits you with a +2 dagger.
You are too injured to fight recklessly!
You scratch the wight. Your bite misses the wight.
The wight is severely damaged.
The wight completely misses you.
You scratch the wight.
The wight is severely damaged.
The wight hits you with a +2 dagger.
* * * LOW HITPOINT WARNING * * *
You feel drained.
You closely miss the wight. Your bite misses the wight.
The wight is severely damaged.
The wight hits you with a +2 dagger!
You die...

. . ###. #..
###.# #...#
#...#
##z@.##
#.....#
#.....#
...........
.###.##..###
#. ...# ##
#.## #.# #.#


You could see a wight.

Vanquished Creatures
  4 sky beasts
  A black bear (D:6)
  A centaur (D:6)
  A big kobold (D:7)
  A centaur zombie (D:5)
  An orc priest (D:2)
  A bullfrog skeleton (D:6)
  A jelly (D:4)
  4 worker ants
  2 iguanas
  Ijyb (D:3)
  A howler monkey zombie (D:6)
  Robin (D:3)
  8 adders
  A shadow imp (D:7)
  2 white imps
  An ufetubus (D:7)
  2 oozes (D:4)
  An adder skeleton (D:4)
  An adder zombie (D:6)
  2 worms
  2 leopard geckos
  17 orcs
  A ball python (D:1)
  A bat (D:1)
  4 giant cockroaches
  13 goblins
  4 hobgoblins
  4 jackals (D:4)
  3 quokkas
  5 frilled lizards
  2 jackal zombies
  5 kobolds
  A leopard gecko skeleton (D:4)
  A quokka skeleton (D:4)
  7 rats
108 creatures vanquished.

Vanquished Creatures (others)
  2 plants (D:6)
2 creatures vanquished.

Grand Total: 110 creatures vanquished

Notes
Turn   | Place    | Note
-------+----------+-------------------------------------------
     0 | D:5      | CurlyBrace the Felid Delver began the quest for the Orb.
     0 | D:5      | Reached XP level 1. HP: 10/10 MP: 2/2
    30 | D:6      | Noticed a centaur
    54 | D:7      | Noticed an iguana
    56 | D:7      | Noticed a troll
    57 | D:7      | Found a snail-covered altar of Cheibriados.
    66 | D:7      | Noticed an iguana
    73 | D:7      | Became a worshipper of Cheibriados the Contemplative
    78 | D:7      | Noticed a sky beast
    86 | D:7      | Killed a sky beast
    87 | D:7      | Reached skill level 7 in Stealth
    87 | D:7      | Reached XP level 2. HP: 2/14 MP: 2/6
    87 | D:7      | Reached XP level 3. HP: 3/17 MP: 2/7
    87 | D:7      | Reached XP level 4. HP: 4/21 MP: 2/8
   222 | D:3      | Noticed Ijyb
   225 | D:3      | Killed Ijyb
   226 | D:3      | Reached XP level 5. HP: 15/24 MP: 9/11
   308 | D:4      | Noticed Edmund
   439 | D:4      | Noticed Robin
   746 | D:1      | Reached * piety under Cheibriados
  1182 | D:2      | Reached ** piety under Cheibriados
  1183 | D:2      | Gained mutation: You are covered in thick fur. (AC +2)
                  | [Felid growth]
  1183 | D:2      | Reached XP level 6. HP: 19/28 MP: 13/13
  1377 | D:4      | Noticed a sky beast
  1388 | D:4      | Killed a sky beast
  1569 | D:3      | Killed Robin
  1628 | D:5      | Reached *** piety under Cheibriados
  1662 | D:4      | Reached XP level 7. HP: 9/32 MP: 14/14
  1694 | D:4      | Found a staircase to the Ecumenical Temple.
  1769 | D:5      | Learned a level 3 spell: Frozen Ramparts
  1773 | D:5      | Learned a level 3 spell: Ozocubu's Armour
  1917 | D:6      | Slain by a bullfrog skeleton
  1918 | D:6      | Reached XP level 6. HP: 0/29 MP: 13/13
  1934 | D:6      | Noticed a sky beast
  1942 | D:6      | Killed a sky beast
  1943 | D:6      | Reached skill level 1 in Evocations
  1946 | D:6      | Found a blossoming altar of Fedhas.
  1958 | D:6      | Noticed an oklob plant
  2009 | D:6      | Noticed a sky beast
  2021 | D:6      | Killed a sky beast
  2022 | D:6      | Reached skill level 5 in Fighting
  2022 | D:6      | Reached skill level 5 in Unarmed Combat
  2022 | D:6      | Reached skill level 1 in Ice Magic
  2022 | D:6      | Reached skill level 1 in Invocations
  2022 | D:6      | Reached XP level 7. HP: 33/33 MP: 14/14
  2049 | D:6      | Reached skill level 5 in Dodging
  2056 | D:6      | Found an iron altar of Okawaru.
  2202 | D:6      | Gained mutation: You are somewhat resistant to further
                  | mutation. [potion of mutation]
  2353 | D:7      | Killed from afar by a shadow imp
  2354 | D:7      | Reached XP level 6. HP: -3/30 MP: 13/13
  2415 | D:8      | Slain by a wight

Illustrated notes

Levels and vault maps discovered:
D:1:      nzn_arrival_crosshair, layout_rooms, minmay_unequal
D:2:      layout_rooms
D:3:      layout_loops_ring, corexii_leaking_fountain, uniq_ijyb
D:4:      layout_rooms, minmay_temple_entry_glassed_door, minmay_checkerbox,
          uniq_robin, uniq_edmund
D:5:      layout_rooms
D:6:      layout_basic, tgw_fedhas, okawaru_metal_pillars_1_2,
          kennysheep_generic_room_16
D:7:      layout_cave_pools, old_standard_altar, kennysheep_generic_room_13
D:8:      layout_loops_cross, serial_shops, shop, hangedman_decor_slide_cut,
          uniq_maggie

Skill      XL: |  1  2  3  4  5  6  7 |
---------------+----------------------+-----
Dodging        | 3 4 5 |  5.3
Stealth        | 7 |  7.0
Unarmed Combat | 3 5 |  5.4
Spellcasting   | 2 3 4 |  4.0
Fighting       | 5 |  5.5
Evocations     | 1 |  1.0
Ice Magic      | 1 |  1.5
Invocations    | 1 |  1.0

Action                   |  1- 3 |  4- 6 |  7- 9 || total
-------------------------+-------+-------+-------++-------
Melee: Unarmed           |     3 |   241 |    75 ||   319
       Bite              |     1 |    32 |    11 ||    44
       Punch             |       |     4 |     2 ||     6
Evoke: Wand              |       |    10 |     3 ||    13
  Use: Potion            |     1 |    13 |     2 ||    16
       Scroll            |     1 |     7 |     4 ||    12
 Stab: Sleeping          |     1 |    18 |     6 ||    25
       Invisible         |       |     3 |       ||     3
       Distracted        |       |     1 |       ||     1
Armor: Skin              |       |    27 |     3 ||    30
Dodge: Dodged            |     3 |   229 |    71 ||   303

Table legend: (Time is in decaauts)
 A = Elapsed time spent in this place.
 B = Non-inter-level travel time spent in this place.
 C = Inter-level travel time spent in this place.
 D = Time resting spent in this place.
 E = Time spent auto-exploring this place.
 F = Levels seen in this place.
 G = Mean time per level.
                   A        B        C        D        E       F      G
               +--------+--------+--------+--------+--------+-----+--------+
         Total |   2865 |   2865 |      0 |      0 |      0 |   8 |  358.1 |
       Dungeon |   2865 |   2865 |      0 |      0 |      0 |   8 |  358.1 |
               +--------+--------+--------+--------+--------+-----+--------+

Top non-repeatable levels by time:
     D:3: 550 daAuts
     D:6: 501 daAuts
     D:4: 449 daAuts
     D:1: 386 daAuts
     D:5: 358 daAuts
     D:2: 319 daAuts
     D:7: 286 daAuts
     D:8: 13 daAuts
